AoeStats
← CavArchers

Nomad

510230059Analyzed
4v4 RM · 2d ago on Sep 30, 2026· 46m 59s· 8 players
Game mode
Random Map
Map size
231×231
Population
200
Speed
Normal
Resources
Standard
Victory
Conquest
Starting age
Dark Age
Ending age
Imperial Age
RankedLock teamsTeams togetherTeam positionsShared explorationLock speedFull tech treeHidden civsTurbo modeCheats
Victory
Defeat
🇨🇳 Italians · China
1282
+16
🇺🇸 Berbers · United States
1272
+17
🇨🇦 Vikings · Canada
1261
+17
🇵🇪 Franks · Peru
1207
+19
🇦🇷 Mapuche · Argentina
1400
-22
🇦🇷 Spanish · Argentina
1265
-17
🇦🇷 Varangians · Argentina
1239
-15
🇺🇾 Portuguese · Uruguay
1228
-15
IPwnAllNoobs
5:11 Loom
14:17 Feudal Age
20:00 Castle Age
19:55 Double-Bit Axe
19:55 Horse Collar
21:26 Bow Saw
21:43 Fletching
27:56 Crossbowman
29:58 Bodkin Arrow
30:53 Padded Archer Armor
32:40 Leather Archer Armor
33:48 Gold Mining
37:24 Imperial Age
35:07 Stone Mining
36:52 Ballistics
36:44 Masonry
37:04 Scale Mail Armor
38:25 Conscription
38:56 Gold Shaft Mining
38:03 Arbalester
40:06 Chemistry
39:50 Bracer
41:15 Ring Archer Armor
42:42 Siege Engineers
46:35 Bogsveigar
Ganesha
4:58 Loom
16:47 Feudal Age
17:18 Double-Bit Axe
21:39 Castle Age
19:31 Gold Mining
20:12 Stone Mining
22:42 Bow Saw
25:31 Fletching
26:30 Wheelbarrow
26:43 Padded Archer Armor
29:04 Forging
30:15 Leather Archer Armor
31:15 Bodkin Arrow
35:37 Imperial Age
33:27 Masonry
33:43 Scale Barding Armor
35:00 Husbandry
35:38 Iron Casting
35:34 Ballistics
37:23 Chemistry
35:54 Cavalier
37:24 Chain Barding Armor
39:32 Architecture
40:31 Conscription
40:39 Murder Holes
41:22 Plate Barding Armor
41:19 Hand Cart
41:12 Town Watch
42:47 Blast Furnace
41:13 Light Cavalry
45:13 Town Patrol
44:55 Paladin
47:16 Gold Shaft Mining
47:15 Chivalry
47:11 Fishing Lines
CavArchers
13:55 Feudal Age
14:13 Loom
17:31 Castle Age
15:20 Double-Bit Axe
15:57 Gold Mining
18:27 Medium Warships
18:14 Stone Mining
19:10 Bow Saw
19:17 Fletching
23:15 Wheelbarrow
24:14 Forging
30:39 Imperial Age
28:58 Bodkin Arrow
31:04 Ballistics
33:46 Chemistry
32:49 Horse Collar
33:15 Bracer
34:15 Conscription
37:28 Padded Archer Armor
37:35 Thumb Ring
37:49 Guilds
39:17 Leather Archer Armor
39:48 Hand Cart
39:46 Town Watch
40:26 Scale Mail Armor
40:33 Treadmill Crane
41:03 Masonry
41:09 Squires
40:55 Arson
43:28 Ring Archer Armor
44:23 Stone Shaft Mining
44:49 Chain Mail Armor
45:37 Heavy Plow
45:54 Arson
47:21 Architecture
47:11 Bombard Tower
47:56 Plate Mail Armor
48:01 Iron Casting
Bensun
6:23 Loom
13:25 Feudal Age
17:20 Castle Age
16:37 Stone Mining
18:13 Fletching
23:16 Double-Bit Axe
28:11 Horse Collar
29:45 Bodkin Arrow
31:33 Wheelbarrow
31:53 Bloodlines
32:26 Padded Archer Armor
32:46 Heavy Plow
34:11 Gold Mining
35:28 Leather Archer Armor
35:27 Kasbah
35:44 Hand Cart
36:53 Bow Saw
39:19 Imperial Age
37:30 Ballistics
37:21 Husbandry
38:35 Thumb Ring
39:44 Scale Barding Armor
40:23 Conscription
40:06 Bracer
41:08 Chemistry
39:39 Light Cavalry
41:16 Hussar
42:17 Chain Barding Armor
41:36 Elite Camel Archer
42:28 Maghrebi Camels
44:42 Plate Barding Armor
45:03 Ring Archer Armor
45:41 Forging
Pipo
3:42 Loom
14:44 Feudal Age
16:28 Double-Bit Axe
19:17 Castle Age
18:39 Fletching
19:18 Crossbowman
21:25 Bodkin Arrow
21:49 Gold Mining
22:40 Wheelbarrow
30:31 Horse Collar
35:13 Imperial Age
33:45 Padded Archer Armor
35:41 Arbalester
36:27 Thumb Ring
37:22 Conscription
40:06 Chemistry
43:48 Leather Archer Armor
43:34 Bracer
Ronamdz
7:41 Loom
13:41 Feudal Age
19:05 Castle Age
17:18 Stone Mining
19:58 Forging
20:34 Bloodlines
22:21 Scale Barding Armor
22:10 Horse Collar
25:50 Town Watch
27:29 Double-Bit Axe
28:31 Heavy Plow
30:03 Iron Casting
32:33 Gold Mining
33:14 Chain Barding Armor
37:23 Imperial Age
37:37 Fletching
40:52 Wheelbarrow
42:19 Stone Shaft Mining
42:42 Conscription
47:12 Plate Barding Armor
Cango
6:47 Loom
15:53 Feudal Age
22:30 Castle Age
26:12 Double-Bit Axe
27:42 Fishing Lines
29:24 Bow Saw
31:05 Town Watch
32:24 Horse Collar
35:07 Wheelbarrow
34:57 Fletching
35:11 Padded Archer Armor
35:15 Heavy Plow
36:07 Bodkin Arrow
42:11 Imperial Age
42:28 Elite Skirmisher
43:04 Gillnets
43:54 Thumb Ring
45:44 Pikeman
46:50 Squires
46:45 Halberdier
XEVER | JoKeR
13:16 Feudal Age
17:19 Castle Age
15:26 Double-Bit Axe
17:20 Forging
18:39 Medium Warships
19:51 Bow Saw
21:42 Horse Collar
27:06 Wheelbarrow
26:17 Loom
27:44 Fishing Lines
29:26 Gold Mining
29:41 Heavy Plow
32:46 Imperial Age
30:22 Fletching
30:33 Padded Archer Armor
31:12 Bodkin Arrow
33:00 Padded Archer Armor
32:50 Elite Bolas Rider
33:50 Leather Archer Armor
35:18 Ring Archer Armor
34:27 Elite Skirmisher
37:05 Hand Cart
38:55 Chemistry
41:08 Hand Cart
41:39 Town Watch
45:56 Iron Casting
46:38 Malon
Connection lost

Rejoining the realm…

Still unreachable

The connection could not be restored.

Session expired

The server has moved on; the page needs a fresh start.